 Dungeon Crawl Stone Soup version 0.20.1 (webtiles) character file.

89 KleinerIrrer the Insei (level 4, 23/28 HPs)
             Began as an Octopode Transmuter on July 2, 2017.
             Quit the game on level 2 of the Dungeon.
             The game lasted 00:02:49 (1938 turns).

KleinerIrrer the Insei (Octopode Transmuter)        Turns: 1938, Time: 00:02:50

Health: 23/28      AC:  1    Str:  9    XL:     4   Next: 55%
Magic:  7/7        EV: 14    Int: 15    God:
Gold:   22         SH:  0    Dex: 13    Spells: 7/8 levels left

rFire    . . .     SeeInvis .   k - -1 whip (curse)
rCold    . . .     Gourm    .   (no shield)
rNeg     . . .     Faith    .   (helmet restricted)
rPois    .         Spirit   .   (no amulet)
rElec    .         Reflect  .   (no ring)
rCorr    .         Harm     .   (no ring)
MR       .....                  (no ring)
Stlth    ++........             (no ring)
Regen    0.1/turn               (no ring)
MPRegen  0.1/turn               (no ring)
                                (no ring)
                                (no ring)

@: very slightly contaminated
A: almost no armour, stealthy swim, amphibious, 8 rings, constrict 8, camouflage
1, gelatinous body 1
a: no special abilities


You were on level 2 of the Dungeon.
You were not hungry.

You visited 1 branch of the dungeon, and saw 2 of its levels.

You collected 22 gold pieces.

Inventory:

Hand Weapons
 j - a +0 rapier
 k - a cursed -1 whip (weapon)
Missiles
 a - 28 arrows
Scrolls
 f - a scroll of identify
Potions
 d - a potion of cancellation {unknown}
 e - 2 potions of curing
 g - a potion of berserk rage {unknown}
 h - a potion of lignification {unknown}
Books
 b - a book of Changes

   Spells                             Type                      Level
   a - Beastly Appendage              Transmutation                1
   b - Sticks to Snakes               Transmutation                2
   c - Spider Form                    Transmutation/Poison         3
   d - Ice Form                       Ice/Transmutation            4
   e - Blade Hands                    Transmutation                5
Comestibles
 c - a bread ration


   Skills:
 + Level 1.4 Fighting
 + Level 2.4 Dodging
 + Level 4.0 Unarmed Combat
 * Level 2.5 Spellcasting
 * Level 2.5 Transmutations


You had 7 spell levels left.
You knew the following spells:

 Your Spells              Type           Power        Failure   Level  Hunger
a - Beastly Appendage     Tmut           #.....       8%          1    #......


Dungeon Overview and Level Annotations

Branches:
Dungeon (2/15)

Altars:
Dithmenos


Innate Abilities, Weirdness & Mutations

You cannot wear most types of armour.
You are very stealthy in the water. (Stealth+)
You are amphibious.
You can wear up to eight rings at the same time.
You can use your tentacles to constrict eight enemies at once.
Your skin changes colour to match your surroundings (Stealth+).
Your rubbery body absorbs attacks. (AC +1, EV +1)


Message History

You kill the bat!
You hit the rat. Your grab misses the rat.
The rat is severely wounded.
The rat completely misses you.
You hit the rat.
You kill the rat!
Found a trident.
You see here a runed whip.
k - a runed whip It sticks to your tentacle!
k - a cursed -1 whip (weapon)
As you read the scroll labeled YSHREC UDUTH, it crumbles to dust.
It is a scroll of identify.
e - 2 potions of curing Blink to where?
Press: ? - help, Dir - move target cursor You are very lightly contaminated with residual magic.
As you read the scroll labeled ORCHOOW MEMUECH, it crumbles to dust.
It was a scroll of blinking.
Are you sure you want to abandon this character and quit the game? (Confirm with "yes".)

#. #.#.#.# ###.## #)
#.#.#.# #....( #. #.#.#.#
#.#.## #. #.#.#.# #.#.# #.
#.#.#.# #.#.# ##.###.####
#.#.#.# #.#.#
.?........###.#.#.## #.#.#
#########.##.ยง.....###.#.#
#.@............#.#
####.......#####.##
#.................
#...........>...##
#........########
###...#### #...# #####


There were no monsters in sight!

Vanquished Creatures
  Terence (D:2)
  An adder (D:2)
  3 oozes (D:1)
  2 dart slugs (D:1)
  A ball python (D:2)
  5 goblins (D:1)
  7 hobgoblins
  5 jackals (D:1)
  6 bats
  2 kobolds (D:1)
  4 rats
37 creatures vanquished.

Notes
Turn   | Place    | Note
-------+----------+-------------------------------------------
     0 | D:1      | KleinerIrrer the Octopode Transmuter began the quest for the Orb.
     0 | D:1      | Reached XP level 1. HP: 13/13 MP: 3/3
    54 | D:1      | Reached XP level 2. HP: 5/18 MP: 5/5
   575 | D:1      | Reached XP level 3. HP: 22/23 MP: 6/6
  1564 | D:2      | Reached XP level 4. HP: 28/28 MP: 7/7
  1626 | D:2      | Noticed Terence
  1632 | D:2      | Killed Terence
  1632 | D:2      | Reached skill level 4 in Unarmed Combat
  1854 | D:2      | Found a shadowy altar of Dithmenos.
  1938 | D:2      | Quit the game

Skill      XL: |  1  2  3  4 |
---------------+-------------+-----
Unarmed Combat | 4 |  4.0
Fighting       | |  1.4
Dodging        | |  2.4
Spellcasting   | |  2.5
Transmutations | |  2.5

Action                   |  1- 3 |  4- 6 || total
-------------------------+-------+-------++-------
Melee: Unarmed           |    86 |       ||    86
       Constrict         |    19 |     4 ||    23
       Tentacles         |     8 |     1 ||     9
       Rapier            |     3 |    21 ||    24
       Punch             |     2 |     1 ||     3
  Use: Scroll            |       |     2 ||     2
 Stab: Sleeping          |     6 |     2 ||     8
  Eat: Chunk             |     2 |     1 ||     3
Armor: Skin              |    10 |     6 ||    16
Dodge: Dodged            |    73 |    15 ||    88
